 Dungeon Crawl Stone Soup version 0.28.0 (webtiles) character file.

Game seed: 5354654680584738398

8869 trckry the Pandemonic (level 11, -1/88 HPs)
             Began as a Minotaur Hunter on Feb 12, 2022.
             Was a High Priest of Makhleb.
             Succumbed to a kobold brigand's curare-tipped dart
             ... on level 10 of the Dungeon.
             The game lasted 00:29:03 (10200 turns).

trckry the Pandemonic (Minotaur Hunter)            Turns: 10200, Time: 00:29:04

Health: -1/88      AC: 15    Str: 22    XL:     11   Next: 15%
Magic:  17/17      EV:  7    Int: 14    God:    Makhleb [*****.]
Gold:   507        SH:  0    Dex: 10    Spells: 10/10 levels left

rFire   . . .      SeeInvis .   b - +0 quarterstaff (drain)
rCold   . . .      Faith    .   (shield currently unavailable)
rNeg    . . .      Spirit   .   K - +0 plate armour
rPois   .          Reflect  .   (helmet restricted)
rElec   .          Harm     .   M - +0 cloak
rCorr   .          Rampage  .   C - +0 pair of gloves
Will    +....                   (no boots)
Stlth   ..........              F - amulet of regeneration
HPRegen 1.04/turn               y - +6 ring of intelligence
MPRegen 0.15/turn               N - ring of willpower

@: lethally poisoned (-1 -> -6), slowed, very slow
A: horns 2, retaliatory headbutt
a: Renounce Religion, Minor Destruction, Lesser Servant of Makhleb, Major
Destruction, Greater Servant of Makhleb


You were on level 10 of the Dungeon.
You worshipped Makhleb.
Makhleb was extremely pleased with you.
You visited 2 branches of the dungeon, and saw 11 of its levels.

You collected 507 gold pieces.

Inventory:

Hand Weapons
 a - a +1 hand crossbow
 b - a +0 quarterstaff of draining (weapon)
Missiles
 d - 18 bolts
 n - 29 poisoned darts (quivered)
 x - 2 throwing nets
Armour
 C - a +0 pair of gloves (worn)
 K - a +0 plate armour (worn)
 M - a +0 cloak (worn)
Jewellery
 c - a ring of wizardry
 y - a +6 ring of intelligence (left hand)
 F - an amulet of regeneration (around neck)
 H - an amulet of reflection
 N - a ring of willpower (right hand)
 P - a ring of fire
Wands
 m - a wand of iceblast (9)
 u - a wand of charming (10)
 J - a wand of mindburst (6)
 Q - a wand of paralysis (5)
Scrolls
 g - a scroll of magic mapping {unknown}
 h - 7 scrolls of identify {unknown}
 j - 2 scrolls of vulnerability {unknown}
 k - a scroll of enchant armour {unknown}
 q - a scroll of noise {unknown}
 r - 2 scrolls of enchant weapon {unknown}
 s - a scroll of immolation {unknown}
 v - a scroll of fog {unknown}
 D - a scroll of brand weapon {unknown}
 E - 2 scrolls of teleportation {unknown}
 I - a scroll of fear {unknown}
Potions
 e - 4 potions of lignification {unknown}
 f - a potion of experience {unknown}
 i - 2 potions of might {unknown}
 l - 5 potions of curing
 p - a potion of mutation {unknown}
 t - a potion of ambrosia {unknown}
 w - 3 potions of heal wounds {unknown}
 z - 3 potions of haste
 A - a potion of brilliance {unknown}
 B - a potion of cancellation {unknown}
 G - a potion of attraction {unknown}
 L - 2 potions of flight {unknown}
Miscellaneous
 O - a tin of tremorstones (2/2)


   Skills:
 + Level 5.6 Fighting
 + Level 7.8 Staves
 + Level 9.4 Crossbows
 + Level 5.6 Armour
 - Level 4.0 Dodging
 - Level 0.7 Stealth
 * Level 10.3 Invocations
 + Level 6.1 Evocations


You had 10 spell levels left.
You didn't know any spells.
Your spell library contained the following spells:

 Spells                   Type           Power      Damage    Failure   Level
 Sandblast                Erth           0%         2d4       99%         1
 Sting                    Tmut/Pois      0%         1d3       99%         1
 Passwall                 Tmut/Erth      0%         N/A       100%        2
 Poisonous Vapours        Pois/Air       0%         N/A       100%        2
 Call Canine Familiar     Summ           0%         N/A       100%        3
 Ignite Poison            Fire/Tmut/Pois 0%         N/A       100%        3
 Mephitic Cloud           Conj/Pois/Air  0%         N/A       100%        3
 Ozocubu's Armour         Ice            0%         N/A       100%        3
 Portal Projectile        Hex/Tloc       0%         N/A       100%        3
 Stone Arrow              Conj/Erth      0%         3d7       100%        3
 Leda's Liquefaction      Hex/Erth       0%         N/A       100%        4
 Olgreb's Toxic Radiance  Pois           0%         N/A       100%        4
 Alistair's Intoxication  Tmut/Pois      0%         N/A       100%        5
 Borgnjor's Vile Clutch   Necr/Erth      0%         N/A       100%        5
 Freezing Cloud           Conj/Ice/Air   0%         6-21      100%        5
 Eringya's Noxious Bog    Tmut/Pois      0%         N/A       100%        6
 Ozocubu's Refrigeration  Ice            0%         4d5       100%        7
 Borgnjor's Revivificati  Necr           0%         N/A       100%        8
 Necromutation            Tmut/Necr      0%         N/A       100%        8
 Death's Door             Necr           0%         N/A       100%        9


Dungeon Overview and Level Annotations

Branches:
Dungeon (10/15)            Temple (1/1) D:5             Orc (0/2) D:10
   Lair: D:8-11

Altars:
Ashenzari
Cheibriados
Dithmenos
Elyvilon
Fedhas
Gozag
Hepliaklqana
Kikubaaqudgha
Makhleb
Nemelex Xobeh
Okawaru
Qazlal
Ru
Sif Muna
Trog
Uskayaw
Vehumet
Wu Jian
Xom
Yredelemnul
Zin
The Shining One


Innate Abilities, Weirdness & Mutations

You have a pair of horns on your head.
You reflexively headbutt those who attack you in melee.


Message History

The kobold brigand throws a curare-tipped dart.
The curare-tipped dart completely misses you.
The kobold brigand throws a curare-tipped dart.
The curare-tipped dart hits you.
You are more poisoned.
You have difficulty breathing.
* * * LOW HITPOINT WARNING * * *
You feel as though you will be slow longer.
The orc moves out of view.
Aiming: Major Destruction (1% risk of failure)
Press: ? - help, Shift-Dir - straight line, f - kobold brigand
Aim: a kobold brigand, wielding a +0 club and quivering curare-tipped darts (severely wounded)
You hear a mighty clap of thunder!
The bolt of lightning hits the kobold brigand!
You kill the kobold brigand!
Makhleb accepts your kill.
You feel better.
The bolt of lightning hits the orc warrior!!
The orc warrior is almost dead.
The bolt of lightning misses the orc warrior.
* * * LOW HITPOINT WARNING * * *
You feel very sick.
You hear a shout!
The gnoll sergeant hits you from afar with a +3 spear of freezing.
* * * LOW HITPOINT WARNING * * *
The gnoll sergeant freezes you.
* * * LOW HITPOINT WARNING * * *
Okay, then.
Unknown command.
Okay, then.
Okay, then.
Aiming: Corrosive Bolt
Press: ? - help, Shift-Dir - straight line, f - gnoll sergeant
Aim: a gnoll sergeant, wielding a +3 spear of freezing, wearing a +3 ring mail and wearing a +0 kite shield (84% to hit)
The bolt of acid hits the gnoll sergeant!
The acid corrodes the gnoll sergeant!
The gnoll sergeant is heavily wounded.
The bolt of acid misses the orc warrior.
The now-empty wand crumbles to dust.
You die...

######### ####
........###..###
#.#######og)@....#
#...
#.....o.Oo####.#.#
#..... #####'#####
#...## #.....# 8..
###..## #[....#


#gKo #...# #.....# #O.o #.#.# ##.....# #ooo #.#.###....... #8.K
########.....#.#..... #### ##.....###.##.#.#..... You could see an orc warrior,
an ogre, a gnoll sergeant (corroded) and 2 orcs.

Vanquished Creatures
  A two-headed ogre (D:8)
  Maurice (D:9)
  2 trolls
  Grinder (D:3)
  A wraith (D:9)
  19 yaks
  3 steam dragons
  Edmund (D:4)
  An acid dragon (D:10)
  A water moccasin (D:5)
  2 orc warriors (D:10)
  A necrophage (D:7)
  2 black bears
  A sky beast (D:7)
  3 ogres
  4 centaurs
  4 kobold brigands (D:10)
  A wyvern zombie (D:7)
  A bullfrog (D:7)
  A scorpion (D:6)
  3 gnoll sergeants
  A water moccasin zombie (D:3)
  4 killer bees (D:8)
  12 wights (D:8)
  3 howler monkeys (D:7)
  A centaur zombie (D:8)
  2 gnoll shamans
  6 orc priests
  A bullfrog skeleton (D:5)
  Jessica (D:2)
  6 orc wizards
  Ijyb (D:4)
  3 iguanas
  2 killer bee zombies
  A hound zombie (D:5)
  2 howler monkey zombies
  16 gnolls
  5 adders
  2 shadow imps
  18 orcs
  11 endoplasms
  3 giant cockroaches
  10 hobgoblins
  3 jackals (D:5)
  19 kobolds
  3 quokkas
  6 ball pythons
  5 bats
  A frilled lizard (D:2)
  8 goblins
  2 goblin skeletons (D:8)
  A goblin zombie (D:8)
  A hobgoblin zombie (D:8)
  4 rats
218 creatures vanquished.

Vanquished Creatures (collateral kills)
  2 killer bees (D:8)
  A quasit (D:8)
  2 hobgoblin zombies (D:8)
  2 kobold skeletons (D:8)
  A kobold zombie (D:8)
  An orc skeleton (D:8)
  An orc zombie (D:8)
10 creatures vanquished.

Vanquished Creatures (others)
  A bush (D:6)
1 creature vanquished.

Grand Total: 229 creatures vanquished

Notes
Turn   | Place    | Note
-------+----------+-------------------------------------------
     0 | D:1      | trckry the Minotaur Hunter began the quest for the Orb.
     0 | D:1      | Reached XP level 1. HP: 18/18 MP: 0/0
   310 | D:1      | Found a faded altar of an unknown god.
   317 | D:1      | Reached XP level 2. HP: 23/25 MP: 1/1
   469 | D:1      | Prayed at the altar of an unknown god.
   469 | D:1      | Became a worshipper of Makhleb the Destroyer
   469 | D:1      | Reached * piety under Makhleb
   859 | D:2      | Reached XP level 3. HP: 23/31 MP: 2/2
  1500 | D:2      | Noticed Jessica
  1505 | D:2      | Killed Jessica
  1506 | D:2      | Reached skill level 1 in Invocations
  1506 | D:2      | Reached XP level 4. HP: 38/38 MP: 3/3
  1553 | D:2      | Found an iron altar of Okawaru.
  1706 | D:3      | Reached skill level 5 in Crossbows
  1734 | D:3      | Found the +3 Elemental Staff {rElec rF++ rC++ AC+5}
  1745 | D:3      | Reached skill level 1 in Armour
  1873 | D:3      | Noticed Grinder
  1884 | D:3      | Paralysed by Grinder for 2 turns
  1888 | D:3      | Killed Grinder
  1889 | D:3      | Reached skill level 2 in Invocations
  1889 | D:3      | Reached XP level 5. HP: 30/46 MP: 4/6
  1889 | D:3      | Reached XP level 6. HP: 34/52 MP: 4/7
  2112 | D:3      | Reached ** piety under Makhleb
  2113 | D:3      | Reached skill level 3 in Invocations
  2674 | D:4      | Reached skill level 1 in Evocations
  2769 | D:4      | Noticed Ijyb
  2777 | D:4      | Killed Ijyb
  3001 | D:4      | Reached XP level 7. HP: 53/59 MP: 8/8
  3008 | D:4      | Reached skill level 4 in Invocations
  3209 | D:4      | Found a blossoming altar of Fedhas.
  3463 | D:5      | Entered Level 5 of the Dungeon
  3472 | D:5      | Noticed Edmund
  3776 | D:5      | Noticed a water elemental
  3778 | D:5      | Found a stormy altar of Qazlal.
  3779 | D:5      | Noticed a fire elemental
  3779 | D:5      | Noticed an air elemental
  3880 | D:5      | Reached skill level 1 in Staves
  3929 | D:4      | Killed Edmund
  4162 | D:5      | Found an opulent altar of Gozag.
  4162 | D:5      | Found a bloodstained altar of Trog.
  4170 | D:5      | Found a faded altar of an unknown god.
  4174 | D:5      | Found a sacrificial altar of Ru.
  4181 | D:5      | Found a glowing silver altar of Zin.
  4474 | D:5      | Reached skill level 5 in Invocations
  4474 | D:5      | Reached XP level 8. HP: 50/65 MP: 10/10
  4560 | D:5      | Found a staircase to the Ecumenical Temple.
  4594 | Temple   | Entered the Ecumenical Temple
  5352 | D:6      | Found a sparkling altar of Nemelex Xobeh.
  6153 | D:7      | Reached skill level 6 in Invocations
  6419 | D:7      | Found an ornate altar of the Wu Jian Council.
  6566 | D:7      | Reached *** piety under Makhleb
  6710 | D:7      | Found a shimmering blue altar of Sif Muna.
  7057 | D:8      | Reached XP level 9. HP: 68/69 MP: 13/13
  7143 | D:8      | Reached skill level 7 in Invocations
  7445 | D:8      | Reached skill level 5 in Staves
  7475 | D:8      | Reached skill level 8 in Invocations
  7786 | D:8      | Found a glowing golden altar of the Shining One.
  7858 | D:8      | Noticed a two-headed ogre
  7994 | D:8      | Killed a two-headed ogre
  7995 | D:8      | Reached skill level 9 in Invocations
  7995 | D:8      | Reached skill level 5 in Evocations
  7995 | D:8      | Reached XP level 10. HP: 78/78 MP: 15/15
  8766 | D:9      | Reached **** piety under Makhleb
  9199 | D:9      | Reached skill level 5 in Armour
  9205 | D:9      | Reached skill level 5 in Fighting
  9294 | D:9      | Reached skill level 10 in Invocations
  9559 | D:9      | Noticed Maurice
  9563 | D:9      | Killed Maurice
  9638 | D:10     | Entered Level 10 of the Dungeon
  9660 | D:10     | Reached XP level 11. HP: 76/88 MP: 17/17
  9967 | D:10     | Reached ***** piety under Makhleb
 10138 | D:10     | Found a staircase to the Orcish Mines.
 10198 | D:10     | HP: 11/88 [asphyx]
 10199 | D:10     | HP: 4/88 [poisoned by a kobold brigand (curare-tipped
                  | dart)]
 10199 | D:10     | HP: 1/88 [gnoll sergeant (1)]
 10200 | D:10     | Succumbed to a kobold brigand's curare-tipped dart

Illustrated notes

Levels and vault maps discovered:
D:1:      matt_arrival_los_fun, layout_loops_ring,
          hellmonk_ecumenical_altar_arch_garden, minmay_misc_feat_roman
D:2:      layout_loops_ring, basic_altar, minivault_27, serial_bayou_pond_a,
          chequers_serial_rivers_large_b, uniq_jessica
D:3:      layout_loops_cross, corexii_item_surrounded_by_moat,
          lemuel_old_faithful, uniq_grinder
D:4:      layout_basic, fedhas_altar_1, uniq_ijyb
D:5:      layout_basic, nicolae_qazlal_style_of_elements,
          chequers_temple_overflow_minitemple, minmay_temple_entry_arrows,
          uniq_edmund
D:6:      minmay_klotski, layout_basic, mainiacjoe_overflow_alcove_1,
          kennysheep_generic_room_13
D:7:      layout_loops_ring, nicolae_sif_muna_condensation,
          nicolae_wu_jian_glorious_leap
D:8:      layout_layer_cave, nicolae_tso_besieged_by_evil,
          kennysheep_another_room
D:9:      layout_loops_corners, uniq_maurice
D:10:     layout_rooms, kennysheep_orc_monster_closet_entryway
Temple:   hc_temple_tempest_star

Skill      XL: |  1  2  3  4  5  6  7  8  9 10 11 |
---------------+----------------------------------+-----
Fighting       | 3 4 5 |  5.6
Dodging        | 3 4 |  4.0
Invocations    | 1 2 3 5 6 9 10 | 10.3
Crossbows      | 5 6 7 8 9 |  9.4
Armour         | 2 3 4 5 |  5.6
Evocations     | 1 2 3 5 6 |  6.1
Staves         | 2 4 6 7 |  7.8
Stealth        | |  0.7

Action                   |  1- 3 |  4- 6 |  7- 9 | 10-12 || total
-------------------------+-------+-------+-------+-------++-------
Melee: Short sword       |    86 |    36 |       |       ||   122
       Headbutt          |    19 |    13 |    44 |    51 ||   127
       Punch             |     1 |       |       |       ||     1
       Quarterstaff      |       |    41 |   223 |   245 ||   509
       Hand axe          |       |     7 |       |       ||     7
 Fire: Hand crossbow     |       |       |    51 |    24 ||    75
Throw: Dart              |       |       |     8 |     2 ||    10
Invok: Lesser Servant of |       |       |     1 |       ||     1
       Major Destruction |       |       |       |     1 ||     1
Evoke: Wand              |       |     4 |     3 |     7 ||    14
 Stab: Sleeping          |     3 |       |       |       ||     3
       Distracted        |     1 |       |       |       ||     1
Armor: Leather armour    |    22 |       |       |       ||    22
       Chain mail        |    11 |    53 |   120 |       ||   184
       Plate armour      |       |       |       |   117 ||   117
Dodge: Dodged            |    66 |    31 |   110 |    63 ||   270
Block: Kite shield       |       |    12 |       |       ||    12
